 Dungeon Crawl Stone Soup version 0.28-a0-577-gb193047a1f (webtiles) character file.

Game seed: 12269190631664122037

240 robertstho the Magician (level 6, 0/42 HPs)
             Began as a Djinni Fire Elementalist on Oct 1, 2021.
             Slain by Terence (3 damage)
             ... on level 3 of the Dungeon.
             The game lasted 00:05:59 (4898 turns).

robertstho the Magician (Djinni Fire Elementalist)  Turns: 4898, Time: 00:05:59

Health: 0/42       AC:  3    Str:  7    XL:     6   Next: 29%
Gold:   146        EV: 12    Int: 18    God:
                   SH:  0    Dex: 14

rFire   + + .      SeeInvis .   o - +0 long sword
rCold   x . .      Faith    .   (no shield)
rNeg    . . .      Spirit   .   a - +0 robe
rPois   ∞          Reflect  .   (no helmet)
rElec   .          Harm     .   (no cloak)
rCorr   .          Rampage  .   k - +0 pair of gloves
Will    .....                   (boots unavailable)
Stlth   ++........              (no amulet)
HPRegen 0.14/turn               (no ring)
MPRegen 0.00/turn               (no ring)

@: flying
A: sickness immunity, fire resistance 2, cold vulnerability 1, float, innate
caster, hp casting, extra vitality 1
a: no special abilities


You were on level 3 of the Dungeon.
You visited 1 branch of the dungeon, and saw 4 of its levels.

You collected 146 gold pieces.

Inventory:

Hand Weapons
 d - a +0 dagger
 o - a +0 long sword (weapon)
Armour
 a - a +0 robe (worn)
 b - a +0 kite shield
 k - a +0 pair of gloves (worn)
Wands
 s - a wand of charming (7)
Scrolls
 c - a scroll of magic mapping {unknown}
 e - a scroll of fear {unknown}
 f - 2 scrolls of summoning {unknown}
 i - 2 scrolls of teleportation {unknown}
 j - a scroll of enchant armour {unknown}
 m - a scroll of immolation {unknown}
 n - a scroll of amnesia {unknown}
 p - a scroll of blinking {unknown}
 q - 2 scrolls of identify {unknown}
Potions
 g - 2 potions of flight
 h - 3 potions of heal wounds {unknown}
 l - a potion of magic {unknown}
 r - 2 potions of curing {unknown}


   Skills:
 * Level 1.3 Fighting
 + Level 0.2 Long Blades
 + Level 2.6 Dodging
 + Level 2.1 Stealth
 * Level 4.6 Spellcasting


You couldn't memorise any spells.
You knew the following spells:

 Your Spells              Type           Power      Damage    Failure   Level
a - Foxfire               Conj/Fire      80%        2x1d8     1%          1
b - Scorch                Fire           40%        2d7       3%          2
c - Conjure Flame         Conj/Fire      20%        6-21      6%          3
d - Inner Flame           Hex/Fire       20%        N/A       6%          3
e - Flame Wave            Conj/Fire      20%        3d6       21%         4
f - Summon Small Mammal   Summ           80%        N/A       1%          1
g - Poisonous Vapours     Pois/Air       40%        N/A       3%          2
Your spell library was empty.

Dungeon Overview and Level Annotations

Branches:
Dungeon (4/15)
 Temple: D:4-7

Altars:
Zin

Annotations:
D:3 Terence


Innate Abilities, Weirdness & Mutations

You are immune to sickness and miasma.
You are immune to poison.
Your flesh is very heat resistant. (rF++)
You are vulnerable to cold. (rC-)
You float through the air rather than walking.
You learn spells naturally, not from books.
Your magical power is your life essence.
You have superior vitality. (+4 HP)


Message History

Casting: Scorch (safe; 3% risk of failure)
Confirm with . or Enter, or press ? or * to list all spells.
Flames lash Terence but do no damage.
Terence looks scornfully at you.
Casting: Scorch (safe; 3% risk of failure)
Confirm with . or Enter, or press ? or * to list all spells.
Flames lash Terence.
Terence is heavily wounded.
Terence is no longer more vulnerable to fire.
Terence closely misses you.
Casting: Scorch (safe; 3% risk of failure)
Confirm with . or Enter, or press ? or * to list all spells.
Flames lash Terence.
Terence resists.
Terence is severely wounded.
Terence's fire resistance burns away.
Terence closely misses you.
Casting: Scorch (safe; 3% risk of failure)
Confirm with . or Enter, or press ? or * to list all spells.
Flames lash Terence but do no damage.
Terence hits you with a +1 vorpal flail.
Casting: Scorch (safe; 3% risk of failure)
Confirm with . or Enter, or press ? or * to list all spells.
Flames lash Terence.
Terence is severely wounded.
Terence closely misses you.
Casting: Scorch (safe; 3% risk of failure)
Confirm with . or Enter, or press ? or * to list all spells.
Flames lash Terence.
Terence is severely wounded.
Terence is no longer more vulnerable to fire.
Terence hits you with a +1 vorpal flail!
Casting: Scorch (safe; 3% risk of failure)
Confirm with . or Enter, or press ? or * to list all spells.
Flames lash Terence but do no damage.
* * * LOW HITPOINT WARNING * * *
Terence hits you with a +1 vorpal flail!
* * * LOW HITPOINT WARNING * * *
x2 It was a potion of flight.
You feel more buoyant.
Terence hits you with a +1 vorpal flail.
You die...

#.##########
#..........#
##########.#
#......#.#
#.####.#.#
#.####.#.#
#.#....#.#
#.#.####.#####
#.#.##.....@.#
#.#.##.#.###@#
#.#.##.#.# .#
#.#.##.#.# .#
#.#....#.# .#
#.######.# .#
#........# .#
########## .#


You could see Terence.

Vanquished Creatures
  A scorpion (D:2)
  A hound (D:4)
  An iguana (D:4)
  5 adders
  A gnoll (D:3)
  A worm (D:2)
  A dart slug (D:2)
  An orc (D:4)
  3 ball pythons
  4 endoplasms
  7 giant cockroaches
  10 goblins
  6 hobgoblins
  2 jackals (D:1)
  9 kobolds
  2 quokkas
  3 bats
  A frilled lizard (D:3)
  9 rats
68 creatures vanquished.

Vanquished Creatures (others)
  173 foxfires
  17 plants (D:4)
190 creatures vanquished.

Grand Total: 258 creatures vanquished

Notes
Turn   | Place    | Note
-------+----------+-------------------------------------------
     0 | D:1      | robertstho the Djinni Fire Elementalist began the quest for
                  | the Orb.
     0 | D:1      | Reached XP level 1. HP: 15/15 MP: 0/0
   497 | D:1      | Reached XP level 2. HP: 19/21 MP: 0/0
   856 | D:1      | Reached skill level 3 in Spellcasting
  1016 | D:1      | Reached XP level 3. HP: 23/25 MP: 0/0
  1016 | D:1      | Learned a level 1 spell: Summon Small Mammal
  1938 | D:2      | Found a glowing silver altar of Zin.
  2281 | D:2      | Reached XP level 4. HP: 26/31 MP: 0/0
  2356 | D:2      | Noticed a scorpion
  2363 | D:2      | Killed a scorpion
  2364 | D:2      | Reached skill level 1 in Fighting
  2364 | D:2      | Reached XP level 5. HP: 27/37 MP: 0/0
  2364 | D:2      | Learned a level 2 spell: Poisonous Vapours
  2653 | D:2      | Found a faded altar of an unknown god.
  2952 | D:3      | Reached skill level 4 in Spellcasting
  3175 | D:3      | HP: 1/37 [gnoll (8)]
  4502 | D:4      | Reached XP level 6. HP: 37/42 MP: 0/0
  4884 | D:3      | Noticed Terence
  4898 | D:3      | Slain by Terence

Illustrated notes

Levels and vault maps discovered:
D:1:      co_arrival_square_in_a_square_in_a_square, layout_loops_ring,
          minmay_tetromino_o4
D:2:      layout_basic, basic_altar,
          dreamdust_ecumenical_altar_angels_and_demons
D:3:      layout_basic, yredelemnul_altar_generic, uniq_terence
D:4:      layout_loops_corners, eino_small_chamber_without_monster,
          serial_bayou_pond_c

Skill      XL: |  1  2  3  4  5 |
---------------+----------------+-----
Spellcasting   | 3 4 |  4.6
Fighting       | 1 |  1.3
Stealth        | 2 |  2.1
Long Blades    | |  0.2
Dodging        | |  2.6

Action                   |  1- 3 |  4- 6 || total
-------------------------+-------+-------++-------
Melee: Dagger            |     2 |       ||     2
       Long sword        |       |     9 ||     9
 Cast: Foxfire           |    92 |    22 ||   114
       Scorch            |       |    50 ||    50
  Use: Potion            |       |     1 ||     1
Armor: Robe              |     1 |    10 ||    11
Dodge: Dodged            |    11 |     9 ||    20

Table legend: (Time is in decaauts)
 A = Elapsed time spent in this place.
 B = Non-inter-level travel time spent in this place.
 C = Inter-level travel time spent in this place.
 D = Time resting spent in this place.
 E = Time spent auto-exploring this place.
 F = Levels seen in this place.
 G = Mean time per level.
                   A        B        C        D        E       F      G
               +--------+--------+--------+--------+--------+-----+--------+
         Total |   4900 |   4835 |     65 |    294 |   4061 |   4 | 1225.0 |
       Dungeon |   4900 |   4835 |     65 |    294 |   4061 |   4 | 1225.0 |
               +--------+--------+--------+--------+--------+-----+--------+

Top non-repeatable levels by time:
     D:1: 1676 daAuts
     D:4: 1583 daAuts
     D:2: 1249 daAuts
     D:3: 390 daAuts
